 Dungeon Crawl Stone Soup version 0.25-a0-566-g062765be81 (webtiles) character file.

Game seed: 358287045587716155, levelgen mode: deterministic

8446 MisterFreud the Basher (level 11, -15/81 HPs)
             Began as a Formicid Abyssal Knight on Feb 27, 2020.
             Was an Elder of Lugonu.
             Demolished by a two-headed ogre
             ... wielding a +0 dire flail
              (17 damage)
             ... on level 10 of the Dungeon.
             The game lasted 00:27:22 (11006 turns).

MisterFreud the Basher (Formicid Abyssal Knight)   Turns: 11006, Time: 00:27:22

Health: -15/81     AC: 14    Str: 20    XL:     11   Next: 56%
Magic:  1/17       EV:  8    Int: 12    God:    Lugonu [****..]
Gold:   581        SH:  0    Dex: 10    Spells: 10/10 levels left

rFire    + + .     SeeInvis +   P - +3 flail (freeze)
rCold    + . .     Gourm    .   (no shield)
rNeg     . . .     Faith    .   J - +1 chain mail {rF+}
rPois    .         Spirit   .   (helmet unavailable)
rElec    .         Reflect  .   b - +0 cloak
rCorr    .         Harm     .   (no gloves)
MR       +....                  H - +0 pair of boots
Stlth    ..........             g - amulet of regeneration
HPRegen  0.63/turn              y - ring of protection from cold
MPRegen  0.15/turn              Q - ring of protection from fire

@: lethally poisoned (-15 -> -15)
A: permanent stasis, dig shafts and tunnels, four strong arms, antennae 3
a: Dig, Shaft Self, Depart the Abyss, Bend Space, Banish, Corrupt, Renounce
Religion


You were on level 10 of the Dungeon.
You worshipped Lugonu.
Lugonu was greatly pleased with you.
You were hungry.

You visited 1 branch of the dungeon, and saw 10 of its levels.
You visited the Abyss 1 time.

You collected 581 gold pieces.

Inventory:

Hand Weapons
 u - a +2 antimagic mace
 B - a +0 vorpal mace
 P - a +3 flail of freezing (weapon)
Missiles
 a - a throwing net
 m - 178 arrows
 o - 276 stones (quivered)
 q - 20 bolts
 r - 37 poisoned darts
 w - 7 javelins
 E - 33 sling bullets
 I - 4 boomerangs
Armour
 b - a +0 cloak (worn)
 l - a +2 ring mail of fire resistance
 D - a +0 chain mail
 H - a +0 pair of boots (worn)
 J - a +1 chain mail of fire resistance (worn)
Jewellery
 g - an amulet of regeneration (around neck)
 y - a ring of protection from cold (left hand)
 F - an uncursed ring of magical power
 K - an uncursed ring of protection from cold
 Q - a ring of protection from fire (right hand)
 R - an uncursed amulet of harm {unknown}
Wands
 h - a wand of digging (8)
 A - a wand of polymorph (7)
 L - a wand of paralysis (7)
Scrolls
 d - 2 scrolls of fog
 i - a scroll of fear
 n - 3 scrolls of remove curse
 t - 2 scrolls of amnesia
 v - 4 scrolls of enchant weapon
 M - a scroll of brand weapon
 N - 2 scrolls of enchant armour
Potions
 e - 3 potions of might
 f - 2 potions of mutation
 j - 2 potions of magic
 k - 3 potions of invisibility
 p - 7 potions of curing
 s - 2 potions of lignification
 x - a potion of ambrosia
 z - a potion of brilliance
 C - a potion of degeneration {unknown}
 G - 3 potions of heal wounds
 O - a potion of stabbing {unknown}
Comestibles
 c - 11 rations
 S - 7 chunks of flesh


   Skills:
 - Level 6.0 Fighting
 + Level 13.4 Maces & Flails
 - Level 8.0 Armour
 - Level 0.8 Dodging
 - Level 8.0 Invocations


You had 10 spell levels left.
You didn't know any spells.
Your spell library contained the following spells:

 Spells                   Type           Power        Failure   Level  Hunger
 Magic Dart               Conj           #...         95%         1    ##.....
 Call Imp                 Summ           #.......     98%         2    ###....
 Slow                     Hex            #.......     98%         2    ###....
 Confusing Touch          Hex            #.......     100%        3    ####...
 Conjure Flame            Conj/Fire      #.......     100%        3    ####...
 Gell's Gravitas          Tloc           #.........   100%        3    ####...
 Mephitic Cloud           Conj/Pois/Air  #.......     100%        3    ####...
 Cause Fear               Hex            #.........   100%        4    #####..
 Petrify                  Tmut/Erth      #.......     100%        4    #####..
 Metabolic Englaciation   Hex/Ice        #.........   100%        5    ######.
 Silence                  Hex/Air        #.........   100%        5    ######.
 Yara's Violent Unravell  Hex/Tmut       #.........   100%        5    ######.
 Deflect Missiles         Chrm/Air       #.........   100%        6    #######
 Discord                  Hex            #.........   100%        8    #######
 Blink                    Tloc           Unusable     N/A         2    N/A

Dungeon Overview and Level Annotations

Branches:
Dungeon (10/15)            Temple (0/1) D:4             Orc (0/2) D:10
   Lair: D:8-11

Altars:
Ashenzari
Elyvilon
Fedhas
Hepliaklqana
Kikubaaqudgha
Okawaru
Qazlal
Sif Muna
Vehumet
Xom
Yredelemnul
Zin
The Shining One


Innate Abilities, Weirdness & Mutations

You cannot be hasted, slowed, berserked, paralysed or teleported.
You can dig through walls and to a lower floor.
Your four strong arms can wield two-handed weapons with a shield.
You have a pair of large antennae on your head. (SInv)


Message History

The meliai closely misses you.
You feel sick.
The meliai calls down the wrath of its god upon you.
Something smites you!
* * * LOW HITPOINT WARNING * * *
You feel sick.
You feel sick. The meliai hits you with a +0 hand axe.
* * * LOW HITPOINT WARNING * * *
The meliai completely misses you.
You feel sick. The meliai hits you but does no damage.
The meliai stings you but does no damage.
The meliai hits you with a +0 hand axe!
* * * LOW HITPOINT WARNING * * *
The meliai stings you but does no damage.
Are you sure you want to shaft yourself?
You feel quite a bit more hungry.
You feel sick. The meliai barely misses you.
The meliai stings you but does no damage.
The meliai hits you but does no damage. The meliai closely misses you.
The two-headed ogre hits you with a +0 dire flail!
You die...

#................+
....#.....
#................#
..........
##+###############
..........
########################'
.........................
.........................
.......<.Z...............
################'########
.......@................
.......yO...............
........................
........................
........................
........................
........................
........................
........................


You could see a two-headed ogre and a meliai.

Vanquished Creatures
  Pikel (D:6)
  An orc sorcerer (D:9)
  A cyclops (D:10)
  A gargoyle (D:10)
  Maggie (D:6)
  Grinder (D:3)
  3 hippogriffs
  Sigmund (D:3)
  Eustachio (D:6)
  2 hungry ghosts
  Menkaure (D:6)
  A water moccasin (D:9)
  2 orc warriors
  4 sky beasts
  2 phantoms
  A black bear (D:9)
  4 slaves (D:7)
  An ogre (D:4)
  A necrophage (D:5)
  2 centaurs
  A big kobold (D:9)
  6 bullfrogs
  Blork the orc (D:4)
  2 gnoll sergeants (D:6)
  A wyvern skeleton (D:10)
  4 scorpions
  4 killer bees (D:10)
  10 wights
  2 howler monkeys
  4 crimson imps
  2 bullfrog zombies (D:10)
  2 hounds
  Crazy Yiuf (D:2)
  2 centaur zombies (D:7)
  A jelly (D:7)
  A centaur skeleton (D:7)
  6 orc priests
  Ijyb (D:3)
  3 orc wizards
  Natasha (thrice) (D:2)
  6 iguanas
  8 worker ants
  5 ogre zombies (D:10)
  A hound skeleton (D:9)
  A worker ant zombie (D:5)
  12 gnolls
  6 adders
  2 shadow imps
  An ooze (D:6)
  2 adder skeletons
  3 worms
  2 dart slugs (D:3)
  6 leopard geckos
  29 orcs
  2 ball pythons
  4 giant cockroaches
  A goblin (D:2)
  5 hobgoblins
  9 jackals
  6 quokkas
  5 bats
  5 frilled lizards
  2 goblin skeletons (D:10)
  A goblin zombie (D:10)
  3 hobgoblin zombies (D:10)
  A jackal zombie (D:6)
  14 kobolds
  A leopard gecko skeleton (D:7)
  2 leopard gecko zombies
  2 orc skeletons (D:10)
  9 orc zombies (D:10)
  9 rats
254 creatures vanquished.

Vanquished Creatures (others)
  2 two-headed ogres
  2 trolls (D:9)
  2 orc warriors (D:7)
6 creatures vanquished.

Grand Total: 260 creatures vanquished

Notes
Turn   | Place    | Note
-------+----------+-------------------------------------------
     0 | Abyss:1  | MisterFreud the Formicid Abyssal Knight began the quest for
                  | the Orb.
     0 | Abyss:1  | Reached XP level 1. HP: 18/18 MP: 2/2
    31 | Abyss:1  | Noticed a large abomination
    33 | D:1      | Escaped the Abyss
   247 | D:1      | Reached XP level 2. HP: 19/25 MP: 3/3
   881 | D:2      | Found an ancient bone altar of Kikubaaqudgha.
   891 | D:2      | Noticed Natasha
   903 | D:2      | Killed Natasha
   903 | D:2      | Reached XP level 3. HP: 14/32 MP: 4/4
   909 | D:2      | Reached * piety under Lugonu
   978 | D:2      | Reached skill level 5 in Fighting
  1002 | D:2      | Found a shattered altar of Ashenzari.
  1019 | D:2      | Noticed Natasha
  1047 | D:2      | Killed Natasha
  1047 | D:2      | Reached XP level 4. HP: 16/39 MP: 5/5
  1399 | D:2      | Noticed Natasha
  1416 | D:2      | Killed Natasha
  1416 | D:2      | Reached XP level 5. HP: 29/46 MP: 6/6
  1622 | D:2      | Found a runed translucent door.
  1623 | D:2      | Noticed Crazy Yiuf
  2555 | D:3      | Found a faded altar of an unknown god.
  2626 | D:3      | Noticed Sigmund
  2637 | D:3      | Killed Sigmund
  2637 | D:3      | Reached skill level 5 in Armour
  2637 | D:3      | Reached XP level 6. HP: 47/52 MP: 2/7
  2719 | D:3      | Reached ** piety under Lugonu
  2989 | D:3      | Found a shimmering blue altar of Sif Muna.
  2994 | D:3      | Noticed Grinder
  2994 | D:3      | Noticed Ijyb
  3024 | D:3      | Killed Ijyb
  3060 | D:3      | Killed Grinder
  3060 | D:3      | Reached skill level 5 in Invocations
  3060 | D:3      | Reached XP level 7. HP: 32/58 MP: 2/10
  3476 | D:4      | Found a staircase to the Ecumenical Temple.
  3626 | D:4      | Found a blossoming altar of Fedhas.
  3755 | D:4      | Found a glowing silver altar of Zin.
  3897 | D:4      | Noticed Blork the orc
  3919 | D:4      | Killed Blork the orc
  3919 | D:4      | Reached skill level 3 in Maces & Flails
  3919 | D:4      | Reached XP level 8. HP: 55/64 MP: 4/12
  3986 | D:4      | Found an iron altar of Okawaru.
  3986 | D:4      | Found a white marble altar of Elyvilon.
  4237 | D:5      | Entered Level 5 of the Dungeon
  4278 | D:5      | Reached skill level 4 in Maces & Flails
  4410 | D:5      | Found a shattered altar of Ashenzari.
  4482 | D:5      | Reached skill level 5 in Maces & Flails
  4942 | D:6      | Noticed Eustachio
  5088 | D:6      | Killed Eustachio
  5088 | D:6      | Reached skill level 6 in Maces & Flails
  5130 | D:6      | Noticed Maggie
  5160 | D:6      | Killed Maggie
  5160 | D:6      | Reached *** piety under Lugonu
  5160 | D:6      | Reached skill level 7 in Maces & Flails
  5160 | D:6      | Reached XP level 9. HP: 61/68 MP: 7/13
  5265 | D:6      | Reached skill level 8 in Maces & Flails
  5374 | D:6      | Noticed Menkaure
  5380 | D:6      | Killed Menkaure
  5416 | D:6      | You fall into a shaft and drop 1 floor!
  5594 | D:6      | Noticed Pikel
  5686 | D:6      | Reached skill level 9 in Maces & Flails
  5702 | D:6      | Killed Pikel
  5796 | D:7      | Noticed a hippogriff
  5813 | D:7      | Killed a hippogriff
  5813 | D:7      | Reached skill level 10 in Maces & Flails
  6115 | D:6      | Reached XP level 10. HP: 74/75 MP: 7/14
  6116 | D:6      | Found a glowing golden altar of the Shining One.
  6285 | D:6      | Found a hazy altar of Hepliaklqana.
  6643 | D:6      | Found a basalt altar of Yredelemnul.
  6645 | D:6      | Noticed a profane servitor
  7531 | D:8      | Reached **** piety under Lugonu
  8137 | D:8      | Found a stormy altar of Qazlal.
  8137 | D:8      | Found a radiant altar of Vehumet.
  8557 | D:9      | Found a shimmering altar of Xom.
  8857 | D:9      | Reached skill level 11 in Maces & Flails
  8938 | D:9      | Noticed a two-headed ogre
  8959 | D:9      | Banished a two-headed ogre
  9058 | D:9      | Reached XP level 11. HP: 73/80 MP: 5/17
  9337 | D:2      | Killed Crazy Yiuf
  9699 | D:10     | Entered Level 10 of the Dungeon
  9716 | D:10     | Noticed a two-headed ogre
  9880 | D:10     | Reached skill level 12 in Maces & Flails
  9921 | D:10     | Noticed an orc sorcerer
 10008 | D:9      | Killed an orc sorcerer
 10261 | D:10     | Noticed a two-headed ogre
 10263 | D:10     | Banished a two-headed ogre
 10494 | D:10     | Reached skill level 13 in Maces & Flails
 10529 | D:10     | Noticed a cyclops
 10536 | D:10     | Killed a cyclops
 10613 | D:10     | Found a staircase to the Orcish Mines.
 10980 | D:10     | Noticed a two-headed ogre
 10989 | D:10     | Noticed an unseen horror
 11005 | D:10     | HP: 2/81 [meliai/+0 hand axe (7)]
 11006 | D:10     | Demolished by a two-headed ogre

Levels and vault maps discovered:
D:1:      dpeg_arrival_castle, layout_basic
D:2:      layout_loops_ring, ashenzari_conservatory_becter,
          nicolae_overflow_hidden_temple, serial_forest,
          infiniplex_forest_clump_long, infiniplex_forest_diagonal,
          infiniplex_forest_lined_2, infiniplex_forest_split,
          infiniplex_forest_clump_tiny, infiniplex_forest_clump_diagonal,
          infiniplex_forest_clump_double, first_ration, uniq_natasha,
          uniq_crazy_yiuf_cottage
D:3:      layout_loops_ring, lemuel_crystal_altar,
          chequers_ecumenical_altar_island, uniq_grinder, uniq_sigmund,
          uniq_ijyb
D:4:      layout_basic, zin_scriptorium, fedhas_ov_isle_minmay,
          gammafunk_temple_overflow_elements, temple_statues, hex_medium,
          minmay_crystal_room, uniq_blork_the_orc
D:5:      layout_loops_cross, basic_altar, minmay_stone_trees_large
D:6:      layout_rooms, grunt_temple_overflow_holy_war, old_standard_altar,
          uniq_pikel, uniq_maggie, uniq_menkaure, uniq_eustachio
D:7:      layout_loops_corners
D:8:      layout_loops_ring, gammafunk_temple_overflow_pools
D:9:      layout_rooms, brannock_xom_greatest_gift
D:10:     minmay_blocky_corners, layout_stronghold, zombieorc1_lemuel

Skill      XL: |  1  2  3  4  5  6  7  8  9 10 11 |
---------------+----------------------------------+-----
Fighting       | 4 5 6 |  6.0
Armour         | 5 8 |  8.0
Invocations    | 5 6 8 |  8.0
Maces & Flails | 3 7 10 11 13 | 13.4
Dodging        | |  0.8

Action                   |  1- 3 |  4- 6 |  7- 9 | 10-12 || total
-------------------------+-------+-------+-------+-------++-------
Melee: Mace              |    67 |   167 |   445 |   360 ||  1039
       Flail             |       |       |       |   266 ||   266
Invok: Depart the Abyss  |     1 |       |       |       ||     1
       Banish            |       |       |     2 |     8 ||    10
 Abil: Dig               |     1 |     1 |     7 |     8 ||    17
       Shaft Self        |       |       |     1 |     1 ||     2
  Use: Scroll            |       |    11 |     8 |     9 ||    28
       Potion            |       |       |       |     1 ||     1
  Eat: Chunk             |       |     8 |    12 |    18 ||    38
       Ration            |       |       |       |     2 ||     2
Armor: Leather armour    |    16 |       |       |       ||    16
       Ring mail         |     7 |    73 |   108 |       ||   188
       Chain mail        |       |       |    67 |   327 ||   394
Dodge: Dodged            |    49 |   106 |   190 |   212 ||   557

Table legend:
 A = Non-vault XP
 B = Vault XP
 C = Vault XP percentage of total XP
 D = Non-vault monster count
 E = Vault monster count
 F = Vault count percentage of total count
                 A         B        C        D         E       F
            +---------+---------+-------+---------+---------+-------
      Total |    8654 |    3413 |  28.3 |     220 |      36 |  14.1
            +---------+---------+-------+---------+---------+-------
        D:1 |      25 |       0 |   0.0 |      15 |       0 |   0.0
        D:2 |     104 |      79 |  43.2 |      20 |       2 |   9.1
        D:3 |      50 |     535 |  91.5 |      17 |       3 |  15.0
        D:4 |     247 |      91 |  26.9 |      12 |       1 |   7.7
        D:5 |     454 |       0 |   0.0 |      28 |       0 |   0.0
        D:6 |    1061 |    1378 |  56.5 |      29 |       4 |  12.1
        D:7 |     895 |       0 |   0.0 |      26 |       0 |   0.0
        D:8 |     968 |       0 |   0.0 |      11 |       0 |   0.0
        D:9 |    2352 |     769 |  24.6 |      36 |       2 |   5.3
       D:10 |    2498 |     561 |  18.3 |      26 |      24 |  48.0
            +---------+---------+-------+---------+---------+-------
